Map: Moonlight Madness LE (Void)

Players

Austin

  • Race: Zerg Zerg
  • League: Bronze

ImotoFantasy - Winner!

  • Race: Protoss Protoss
  • League: Grandmaster

VOD

Have the link to the VOD?

Description

Time

  • Played on: Oct. 25, 2015, 12:50 a.m.
  • Length: 7:25
Show
View Real Time Build Order
Export as new Build Order

Austin Zerg 

Build Orders: Pool First 

Get SALT Encoding   

  12  0:09  Overlord  
  13  0:14  Drone  
  13  0:21  Drone  
  14  0:30  Drone  
  15  0:38  Drone  
  16  0:46  Drone, Spawning Pool  
  16  0:56  Drone  
  17  1:04  Drone, Extractor  
  17  1:17  Drone  
  18  1:26  Drone  
  19  1:36  Queen  
  21  1:40  Zergling x2  
  21  1:45  Hatchery  
  21  1:48  Overlord  
  21  2:13  Drone x2  
  23  2:19  Lair  
  23  2:20  Roach Warren, Drone  
  23  2:31  Drone  
  23  2:35  Extractor  
  22  3:00  Roach x2  
  22  3:01  Roach x2  
  30  3:07  Overlord  
  30  3:12  Overlord  
  30  3:20  Glial Reconstitution  
  30  3:29  Drone x2, Queen  
  30  3:31  Drone  
  35  3:37  Roach  
  37  3:41  Ravager  
  38  3:50  Drone  
  38  3:52  Extractor  
  38  3:54  Roach x2  
  42  3:58  Extractor  
  41  4:03  Drone, Roach  
  41  4:09  Overlord  
  44  4:23  Overlord  
  44  4:32  Roach  
  44  4:33  Roach x3  
  52  4:41  Overlord  
  48  4:58  Ravager  
  45  5:05  Roach  
  45  5:06  Roach x4  
  55  5:08  Drone  
  56  5:15  Drone x2  
  58  5:23  Drone x2  
  58  5:26  Drone  
  61  5:31  Drone x2  
  63  5:41  Overlord  
  63  5:46  Drone x2  
  63  5:49  Overlord  
  67  5:57  Roach  
  67  6:02  Ravager  
  68  6:05  Roach x3  
  68  6:06  Roach  
  76  6:11  Overlord  
  76  6:16  Drone x4  
  41  6:55  Roach x6  
  41  6:57  Roach x2  
  41  6:58  Roach x4  
Show
View Real Time Build Order
Export as new Build Order

ImotoFantasy Protoss - Winner!

Build Orders:  

Get SALT Encoding   

  12  0:01  Probe (Chrono Boost)  
  13  0:11  Probe (Chrono Boost)  
  14  0:21  Pylon  
  14  0:22  Probe (Chrono Boost)  
  15  0:40  Probe (Chrono Boost), Gateway  
  16  0:42  Assimilator  
  16  0:48  Assimilator  
  16  0:52  Probe (Chrono Boost)  
  17  1:02  Probe (Chrono Boost)  
  18  1:13  Probe (Chrono Boost)  
  19  1:23  Probe (Chrono Boost)  
  20  1:29  Cybernetics Core  
  20  1:34  Probe (Chrono Boost)  
  20  1:36  Pylon  
  21  1:44  Probe (Chrono Boost)  
  22  1:55  Probe (Chrono Boost)  
  23  2:07  Stalker, Warp Gate (Chrono Boost)  
  25  2:12  Gateway  
  25  2:15  Gateway  
  24  2:37  Stalker  
  26  3:03  Stalker x2  
  30  3:07  Pylon  
  30  3:25  Zealot  
  32  3:33  Pylon  
  32  3:36  Stalker x2  
  36  3:45  Pylon  
  36  3:47  Twilight Council  
  36  3:55  Probe  
  37  4:10  Stalker  
  39  4:26  Sentry  
  39  4:29  Robotics Facility  
  39  4:30  Blink (Chrono Boost)  
  41  4:36  Stalker  
  41  4:37  Stalker  
  39  5:04  Stalker x2  
  39  5:06  Stalker  
  45  5:16  Immortal (Chrono Boost)  
  49  5:27  Stalker  
  49  5:28  Stalker  
  53  5:33  Pylon  
  53  5:57  Immortal (Chrono Boost)  
  57  6:10  Stalker x3  
  49  6:54  Stalker x2  
  49  6:55  Stalker  
Tags
 
Add a new tag
Caveats
  • Supply blocks, unpowered buildings, or Contaminate may cause inaccurate times.
  • Supply counts are checked every 10 seconds.